 Dungeon Crawl Stone Soup version 0.29.1-15-g9cfb28693d (webtiles) character file.

Game seed: 15053320440962693088

361 leetdood the Chopper (level 6, -1/56 HPs)
             Began as a Minotaur Fighter on Mar 12, 2023.
             Succumbed to their own poison gas
             ... on level 5 of the Dungeon.
             The game lasted 00:11:21 (3554 turns).

leetdood the Chopper (Minotaur Fighter)             Turns: 3554, Time: 00:11:22

Health: -1/56      AC: 13    Str: 22    XL:     6   Next: 38%
Magic:  5/5        EV:  6    Int: 11    God:
Gold:   196        SH:  0    Dex: 10    Spells: 5/5 levels left

rFire   . . .      SeeInvis .   a - +0 war axe
rCold   + . .      Faith    .   c - +0 buckler
rNeg    . . .      Spirit   .   s - +0 plate armour
rPois   .          Reflect  .   (helmet restricted)
rElec   .          Harm     .   (no cloak)
rCorr   .          Rampage  .   (no gloves)
Will    .....                   f - +0 pair of boots
Stlth   ..........              (no amulet)
HPRegen 0.18/turn               x - +6 ring of intelligence
MPRegen 0.09/turn               b - ring of protection from cold

@: confused, lethally poisoned (-1 -> -54), ambrosia-drunk, hasted, very quick
A: horns 2, retaliatory headbutt
a: no special abilities


You were on level 5 of the Dungeon.
You visited 1 branch of the dungeon, and saw 5 of its levels.

You collected 196 gold pieces.

Inventory:

Hand Weapons
 a - a +0 war axe (weapon)
Missiles
 j - 6 atropa-tipped darts (quivered)
Armour
 c - a +0 buckler (worn)
 f - a +0 pair of boots (worn)
 q - a +2 chain mail of cold resistance
 s - a +0 plate armour (worn)
Jewellery
 b - a ring of protection from cold (right hand)
 x - a +6 ring of intelligence (left hand)
 y - a ring of positive energy
Wands
 u - a wand of roots (11)
Scrolls
 h - 3 scrolls of butterflies
 k - a scroll of teleportation
 m - a scroll of enchant weapon {unknown}
 r - a scroll of magic mapping {unknown}
 w - a scroll of immolation {unknown}
 z - a scroll of blinking {unknown}
Potions
 d - 2 potions of might
 e - 5 potions of curing
 g - 2 potions of lignification
 i - 2 potions of brilliance
 n - a potion of ambrosia
 o - a potion of heal wounds {unknown}
 p - a potion of magic {unknown}
 t - a potion of degeneration {unknown}


   Skills:
 + Level 5.1 Fighting
 * Level 5.3 Axes
 + Level 5.1 Armour
 + Level 5.1 Shields


You had 5 spell levels left.
You didn't know any spells.
Your spell library contained the following spells:

 Spells                   Type           Power      Damage    Failure   Level
 Gell's Gravitas          Tloc           0%         N/A       100%        3
 Inner Flame              Hex/Fire       0%         N/A       100%        3
 Teleport Other           Tloc           0%         N/A       100%        3
 Cause Fear               Hex            0%         N/A       100%        4
 Dispersal                Tloc           0%         N/A       100%        6
 Discord                  Hex            0%         N/A       100%        8


Dungeon Overview and Level Annotations

Branches:
Dungeon (5/15)
 Temple: D:4-7

Altars:
Fedhas
Nemelex Xobeh


Innate Abilities, Weirdness & Mutations

You have a pair of horns on your head.
You reflexively headbutt those who attack you in melee.


Message History

Prince Ribbit looks as sick as possible!
Prince Ribbit is engulfed in poison gas.
Prince Ribbit looks as sick as possible!
You're too confused to move!
Prince Ribbit is engulfed in poison gas.
Prince Ribbit looks as sick as possible!
Prince Ribbit blinks!
You barely miss Prince Ribbit.
Prince Ribbit is severely wounded.
Prince Ribbit catches a mouse with his tongue.
Prince Ribbit blinks!
Prince Ribbit is engulfed in poison gas.
Prince Ribbit looks as sick as possible!
You are engulfed in poison gas.
You are poisoned.
You feel very sick.
Prince Ribbit is engulfed in poison gas.
Prince Ribbit looks as sick as possible!
There is an escape hatch in the floor here.
You bump into the rock wall.
You are engulfed in poison gas.
You are lethally poisoned!
You feel very sick.
Prince Ribbit looks as sick as possible!
Prince Ribbit completely misses you.
You miss Prince Ribbit. Your headbutt misses Prince Ribbit.
Prince Ribbit is almost dead.
You are engulfed in poison gas.
You are more poisoned.
You feel extremely sick.
Prince Ribbit is engulfed in poison gas.
Prince Ribbit looks as sick as possible!
You kill Prince Ribbit!
Your Fighting skill increases to level 5!
Your Axes skill increases to level 5!
Your Armour skill increases to level 5!
Your Shields skill increases to level 5!
You have reached level 6!
You are engulfed in poison gas.
You are more poisoned.
* * * LOW HITPOINT WARNING * * *
x2 You feel extremely sick.
You die...

.# #.# #.#
#°# #§# #○#
##.#######
###@○°○.°§☼.
#§○☼☼#.####
#. #§#§##
#.# #.#°#
#.# #.#§# ##
#.# #
#.#°......#
#.###.
#.####.##.#
#.##.. #.#
#.##.#
#.#... #.#
#.##.#
#..#.#


There were no monsters in sight!

Vanquished Creatures
  Prince Ribbit (D:5)
  An iguana (D:5)
  An orc wizard (D:4)
  Ijyb (D:3)
  2 adders
  2 dart slugs
  6 orcs
  9 ball pythons
  A bat (D:2)
  5 endoplasms
  2 giant cockroaches (D:1)
  5 goblins
  A hobgoblin (D:4)
  7 kobolds
  2 quokkas (D:1)
  3 frilled lizards
  6 rats
55 creatures vanquished.

Notes
Turn   | Place    | Note
-------+----------+-------------------------------------------
     0 | D:1      | leetdood the Minotaur Fighter began the quest for the Orb.
     0 | D:1      | Reached XP level 1. HP: 19/19 MP: 0/0
   203 | D:1      | Reached XP level 2. HP: 26/27 MP: 1/1
   512 | D:1      | Reached XP level 3. HP: 33/33 MP: 2/2
  1128 | D:2      | Found a faded altar of an unknown god.
  1717 | D:3      | Found a sparkling altar of Nemelex Xobeh.
  1861 | D:3      | Noticed Ijyb
  1871 | D:3      | Killed Ijyb
  1872 | D:3      | Reached XP level 4. HP: 31/40 MP: 3/3
  2816 | D:4      | Found a blossoming altar of Fedhas.
  3306 | D:5      | Entered Level 5 of the Dungeon
  3313 | D:5      | Reached XP level 5. HP: 47/47 MP: 4/4
  3529 | D:5      | Noticed Prince Ribbit
  3552 | D:5      | Killed Prince Ribbit
  3553 | D:5      | Reached skill level 5 in Fighting
  3553 | D:5      | Reached skill level 5 in Axes
  3553 | D:5      | Reached skill level 5 in Armour
  3553 | D:5      | Reached skill level 5 in Shields
  3553 | D:5      | Reached XP level 6. HP: 19/56 MP: 5/5
  3554 | D:5      | Succumbed to their own poison gas

Illustrated notes

Levels and vault maps discovered:
D:1:      roderic_dead_forest, layout_basic
D:2:      layout_basic, basic_ecumenical_altar
D:3:      layout_loops_ring, mainiacjoe_overflow_cross_hatched,
          dreamdust_princess_corridor, uniq_ijyb
D:4:      layout_cave_pods, mainiacjoe_overflow_catwalk
D:5:      layout_loops_ring, amcnicky_altar_gilded, uniq_prince_ribbit1,
          uniq_pikel

Skill      XL: |  1  2  3  4  5 |
---------------+----------------+-----
Fighting       | 4 5 |  5.1
Armour         | 4 5 |  5.1
Shields        | 4 5 |  5.1
Axes           | 3 4 5 |  5.3

Action                   |  1- 3 |  4- 6 || total
-------------------------+-------+-------++-------
Melee: War axe           |    65 |    45 ||   110
       Headbutt          |     8 |     5 ||    13
  Use: Scroll            |       |    10 ||    10
       Potion            |       |     2 ||     2
Armor: Scale mail        |    14 |       ||    14
       Chain mail        |     7 |       ||     7
       Plate armour      |     3 |    12 ||    15
Dodge: Dodged            |    28 |    12 ||    40
Block: Buckler           |    10 |     5 ||    15
